Map: Dusty Gorge

Players

Sirion

  • Race: Terran Terran
  • Spawn Location: 9:00

mmm

  • Race: Protoss Protoss
  • Spawn Location: 11:00

yannaman - Winner!

  • Race: Zerg Zerg
  • Spawn Location: 5:00

PureLegacy - Winner!

  • Race: Terran Terran
  • Spawn Location: 3:00

VOD

Have the link to the VOD?

Description

Time

  • Played on: Nov. 23, 2018, 9:21 a.m.
  • Length: 3:56
Show
View Real Time Build Order
Export as new Build Order

Sirion Terran 

Build Orders:  

Get SALT Encoding   

  12  0:00  SCV  
  13  0:13  SCV  
  14  0:19  Supply Depot  
  14  0:25  SCV  
  15  0:40  SCV  
  15  0:42  Barracks  
  16  0:47  Refinery  
  16  0:52  SCV  
  17  0:57  Refinery  
  17  1:08  SCV  
  18  1:14  Barracks  
  18  1:21  SCV  
  19  1:30  Barracks Tech Lab  
  19  1:39  Orbital Command  
  19  1:52  Marine  
  20  2:00  Factory  
  20  2:01  Barracks Reactor  
  20  2:10  Marine, SCV  
  22  2:19  Combat Shield  
  22  2:27  SCV  
  23  2:36  Supply Depot  
  23  2:38  Supply Depot  
  23  2:49  Barracks Reactor, Starport  
  23  2:57  Marine  
  23  2:58  Hellion  
  26  3:00  Hellion  
  20  3:21  Hellion  
  19  3:30  SCV  
  19  3:35  Hellion  
Show
View Real Time Build Order
Export as new Build Order

mmm Protoss 

Build Orders:  

Get SALT Encoding   

  1  0:00  Probe  
  12  0:06  Probe  
  14  0:22  Pylon  
  14  0:24  Probe  
  15  0:40  Probe  
  15  0:42  Forge  
  16  0:52  Probe  
  17  1:04  Probe, Pylon  
  18  1:15  Pylon  
  18  1:16  Probe  
  19  1:35  Photon Cannon  
  19  1:39  Pylon  
  19  1:42  Pylon  
  18  2:12  Photon Cannon  
  18  2:15  Pylon  
  18  2:17  Probe  
  19  2:25  Probe  
  19  2:26  Photon Cannon  
  19  2:29  Photon Cannon  
  20  2:35  Photon Cannon, Probe  
  21  2:51  Probe  
  21  2:54  Assimilator  
  21  2:58  Assimilator  
  22  2:59  Probe  
  22  3:05  Gateway  
  23  3:08  Probe  
  24  3:13  Pylon  
  24  3:21  Probe  
  25  3:29  Probe  
  26  3:37  Probe  
Show
View Real Time Build Order
Export as new Build Order

yannaman Zerg - Winner!

Build Orders: Pool First 

Get SALT Encoding   

  12  0:01  Drone  
  13  0:08  Drone  
  14  0:28  Spawning Pool  
  14  0:31  Drone  
  14  0:39  Overlord  
  14  0:51  Extractor  
  14  0:52  Drone  
  14  0:58  Drone x2  
  16  1:08  Drone  
  17  1:17  Zergling x2  
  18  1:19  Queen  
  20  1:26  Zergling x2  
  21  2:01  Drone  
  21  2:17  Overlord  
  21  2:18  Overlord  
  21  2:26  Roach Warren  
  20  2:30  Overlord  
  20  2:31  Drone  
  20  2:35  Queen  
  23  3:02  Drone x3  
  23  3:03  Hatchery  
  25  3:16  Roach  
  27  3:28  Extractor  
  27  3:29  Roach  
Show
View Real Time Build Order
Export as new Build Order

PureLegacy Terran - Winner!

Build Orders:  

Get SALT Encoding   

  12  0:03  SCV  
  13  0:15  SCV  
  13  0:20  Supply Depot  
  14  0:27  SCV  
  15  0:31  Refinery  
  15  0:42  SCV  
  16  0:47  Barracks  
  16  0:54  SCV  
  17  1:04  Barracks  
  17  1:23  Barracks  
  17  1:36  Reaper  
  18  1:54  Reaper  
  18  1:59  Orbital Command  
  19  2:10  Reaper  
  19  2:13  Refinery  
  20  2:17  Reaper  
  21  2:26  Supply Depot  
  21  2:31  Reaper  
  21  2:37  SCV  
  23  2:47  Reaper  
  24  2:54  Reaper  
  24  2:55  Supply Depot  
  24  2:58  SCV  
  26  3:09  Reaper  
  27  3:21  Reaper  
  27  3:22  SCV  
  29  3:35  SCV  
  31  3:55  Command Center  
Tags
 
Add a new tag
Caveats
  • Supply blocks, unpowered buildings, or Contaminate may cause inaccurate times.
  • Supply counts are checked every 10 seconds.